 Dungeon Crawl Stone Soup version 0.32-a0-163-g159c032296 (webtiles) character file.

Game seed: 12840927115640997676

46 zeratav the Trooper (level 3, 0/42 HPs)
             Began as an Oni Warper on Feb 11, 2024.
             Slain by a jackal (1 damage)
             ... on level 2 of the Dungeon.
             The game lasted 00:01:19 (1084 turns).

zeratav the Trooper (Oni Warper)                    Turns: 1084, Time: 00:01:19

Health: 0/42       AC:  3    Str: 17    XL:     3   Next: 68%
Magic:  6/6        EV:  9    Int: 14    God:
Gold:   105        SH:  0    Dex:  8    Spells: 6/6 levels left

rFire   . . .        a - +0 mace {mace}
rCold   . . .        (no shield)
rNeg    . . .        b - +0 robe
rPois   .            (helmet restricted)
rElec   .            (no cloak)
rCorr   .            (gloves unavailable)
SInv    .            (boots unavailable)
Will    .....        (no amulet)
Stlth   +            (no ring)
HPRegen 0.27/turn    (no ring)
MPRegen 0.10/turn

%: no passive effects
@: no status effects
A: large, unfitting armour, horns 1, tough skin 1, double potion healing,
drunken brawling
a: no special abilities


You were on level 2 of the Dungeon.
You visited 1 branch of the dungeon, and saw 2 of its levels.

You collected 105 gold pieces.


Innate Abilities, Weirdness & Mutations

You are too large for most types of armour.
You have a pair of small horns on your head.
You have tough skin. (AC +1)
You gain doubled healing and magic from potions.
Whenever you drink a healing potion, you attack all around you.


   Skills:
 + Level 5.2 Fighting
 - Level 2.0 Maces & Flails
 - Level 1.0 Throwing
 - Level 2.1 Dodging
 - Level 2.4 Spellcasting
 - Level 2.6 Translocations


You had 6 spell levels left.
You didn't know any spells.
Your spell library contained the following spells:

 Spells                   Type           Power      Damage    Failure   Level
 Blink                    Tloc           18%        N/A       12%         2
 Lesser Beckoning         Tloc           18%        N/A       12%         2
 Teleport Other           Tloc           9%         N/A       22%         3
 Manifold Assault         Tloc           9%         N/A       58%         4
 Vhi's Electric Charge    Tloc/Air       10%        N/A       78%         4

Inventory:

Hand Weapons
 a - a +0 mace (weapon) {mace}
Missiles
 d - 7 darts of dispersal (quivered) {=fthrowing}
 h - 7 poisoned darts {throwing}
Armour
 b - a +0 robe (worn)
Scrolls
 j - a scroll of immolation {unknown}
 k - 4 scrolls of identify {unknown}
 n - a scroll of poison {unknown}
 p - a scroll of teleportation {unknown}
Potions
 e - a potion of might {unknown}
 f - a potion of berserk rage {unknown}
 g - a potion of invisibility {unknown}
 i - a potion of lignification {unknown}
 l - a potion of enlightenment {unknown}
 m - a potion of curing {unknown}
 o - a potion of resistance {unknown}

Dungeon Overview and Level Annotations

Branches:
Dungeon (2/15) Zot: 10883

Altars:

#.#.#.#.#.#.#.#.##.#
.###.###.###.###...#
#.#.#.#.#.#.#.#†#..#
.#.#.#.#.#.#.#.#...#
#################..#
#..# ## #########..#
... #..........#
....#.......@..#
............hg.# .
....#.........# . .
.............#.# #.#
..##.###..####.###
.. ...##...##.....#
. ...........§.....#
# ..##..##..##.....#
#...# ....
#.......###


You could see a jackal and a goblin.


Message History

You closely miss the jackal. Your headbutt misses the jackal.
The jackal bites you.
* * * LOW HITPOINT WARNING * * *
The jackal bites you but does no damage.
The goblin hits you but does no damage.
The jackal bites you but does no damage.
The jackal closely misses you. The goblin hits you but does no damage.
HP[-2]
You take 2 damage, and now have 20/42 hp.
You are too injured to fight recklessly!
You are too injured to fight recklessly!
You are too injured to fight recklessly!
You are too injured to fight recklessly!
You are too injured to fight recklessly!
You are too injured to fight recklessly!
You are too injured to fight recklessly!
You are too injured to fight recklessly!
You are too injured to fight recklessly!
You are too injured to fight recklessly!
You are too injured to fight recklessly!
You are too injured to fight recklessly!
The jackal attacks as it pursues you! The jackal bites you.
* * * LOW HITPOINT WARNING * * *
The jackal attacks as it pursues you!
The jackal bites you but does no damage.
HP[-1]
You take 1 damage, and now have 19/42 hp.
HP[+1]
The jackal attacks as it pursues you!
The jackal bites you but does no damage.
You closely miss the jackal. The jackal bites you.
* * * LOW HITPOINT WARNING * * *
The jackal closely misses you.
HP[-3]
You take 3 damage, and now have 17/42 hp.
You hit the jackal but do no damage. The jackal barely misses you.
The jackal misses you.
The jackal stops to sniff the ground.
HP[+1]
You barely miss the jackal. The jackal barely misses you.
The goblin hits you with a +0 club.
* * * LOW HITPOINT WARNING * * *
HP[-4]
You take 4 damage, and now have 14/42 hp.
You closely miss the jackal. You punch the jackal, but do no damage.
The jackal bites you.
* * * LOW HITPOINT WARNING * * *
The jackal bites you.
* * * LOW HITPOINT WARNING * * *
The goblin barely misses you.
HP[-2]
You take 2 damage, and now have 12/42 hp.
You barely miss the jackal.
The jackal bites you but does no damage.
The goblin closely misses you. The jackal bites you.
* * * LOW HITPOINT WARNING * * *
HP[-2]
You take 2 damage, and now have 10/42 hp.
You hit the jackal.
You kill the jackal!
The goblin hits you but does no damage.
The jackal bites you but does no damage.
You barely miss the jackal. Your headbutt misses the jackal.
The goblin barely misses you. The jackal bites you.
* * * LOW HITPOINT WARNING * * *
The goblin hits you with a +0 club.
* * * LOW HITPOINT WARNING * * *
The jackal barely misses you.
HP[-4]
You take 4 damage, and now have 6/42 hp.
You hit the jackal but do no damage. Your headbutt misses the jackal.
The jackal bites you.
* * * LOW HITPOINT WARNING * * *
The goblin closely misses you.
HP[-1]
You take 1 damage, and now have 5/42 hp.
You barely miss the jackal. Your headbutt misses the jackal.
The jackal bites you but does no damage.
The goblin hits you with a +0 club.
* * * LOW HITPOINT WARNING * * *
The jackal bites you.
* * * LOW HITPOINT WARNING * * *
HP[-4]
You take 4 damage, and now have 1/42 hp.
Blink to where?
Press: ? - help, Q - select action, (/) - cycle Dir - move target
As you read the scroll of blinking {!r}, it crumbles to dust.
HP[+1]
There is a stone staircase leading up here.
You completely miss the jackal.
The jackal bites you but does no damage. x2
HP[+1]
You closely miss the jackal. You headbutt the jackal. The jackal bites you.
* * * LOW HITPOINT WARNING * * *
The goblin barely misses you. The jackal bites you.
* * * LOW HITPOINT WARNING * * *
HP[-2]
You take 2 damage, and now have 1/42 hp.
You hit the jackal. Your headbutt misses the jackal. The jackal bites you.
You die...

Skill      XL: |  1  2  3 |
---------------+----------+-----
Fighting       | 3 4 5 |  5.2
Maces & Flails | |  2.0
Throwing       | |  1.0
Dodging        | |  2.1
Spellcasting   | |  2.4
Translocations | |  2.6

Action                     || total
---------------------------++-------
  Melee: Mace              ||   105
         Headbutt          ||    10
         Punch             ||     1
    Use: Scroll            ||     1
 Armour: Robe              ||   128
  Dodge: Dodged            ||    81

Levels and vault maps discovered:
D:1:      evilmike_arrival_fibonacci_small, layout_basic,
          ebering_ecumenical_altar_rust, minmay_misc_feat_diagonals,
          minmay_tromino_i4
D:2:      layout_rooms, basic_altar, roderic_roman_lattice

Notes
Turn   | Place    | Note
-------+----------+-------------------------------------------
     0 | D:1      | zeratav the Oni Warper began the quest for the Orb.
     0 | D:1      | Reached XP level 1. HP: 22/22 MP: 3/3
     0 | D:1      | magus.rc [v1.9.6]
    73 | D:1      | Reached skill level 3 in Fighting
   209 | D:1      | Reached XP level 2. HP: 19/32 MP: 5/5
   281 | D:1      | Found a faded altar of an unknown god.
   332 | D:1      | Reached skill level 4 in Fighting
   729 | D:2      | Reached XP level 3. HP: 26/40 MP: 6/6
   771 | D:2      | HP: 10/40 [adder (2)]
   774 | D:2      | Reached skill level 5 in Fighting
   774 | D:2      | HP: 4/42 [poisoned by an adder]
  1072 | D:2      | HP: 10/42 [jackal (3)]
  1076 | D:2      | HP: 3/42 [goblin/+0 club (2)]
  1076 | D:2      | HP: 1/42 [jackal (2)]
  1083 | D:2      | HP: 2/42 [jackal (1)]
  1084 | D:2      | Slain by a jackal

Vanquished Creatures
  An adder (D:2)
  A dart slug (D:1)
  5 bats
  4 endoplasms
  2 giant cockroaches (D:1)
  5 hobgoblins
  2 jackals (D:2)
  2 quokkas
  3 ball pythons (D:2)
  4 frilled lizards
  A goblin (D:1)
  2 kobolds
  A rat (D:1)
33 creatures vanquished.

Table legend:
 A = Non-vault XP
 B = Vault XP
 C = Vault XP percentage of total XP
 D = Non-vault monster count
 E = Vault monster count
 F = Vault count percentage of total count
                 A         B        C        D         E       F
            +---------+---------+-------+---------+---------+-------
      Total |      61 |       6 |   9.0 |      31 |       2 |   6.1
            +---------+---------+-------+---------+---------+-------
        D:1 |      22 |       6 |  21.4 |      14 |       2 |  12.5
        D:2 |      39 |       0 |   0.0 |      17 |       0 |   0.0
            +---------+---------+-------+---------+---------+-------

Skill      XL: |  1  2  3 |
---------------+----------+-----
Fighting       | 3 4 5 |  5.2
Maces & Flails | |  2.0
Throwing       | |  1.0
Dodging        | |  2.1
Spellcasting   | |  2.4
Translocations | |  2.6

Action                     || total
---------------------------++-------
  Melee: Mace              ||   105
         Headbutt          ||    10
         Punch             ||     1
    Use: Scroll            ||     1
 Armour: Robe              ||   128
  Dodge: Dodged            ||    81

Illustrated notes

Table legend:
 A = Kills in this place as a percentage of kills in the entire game.
 B = Kills by you in this place as a percentage of kills by you in the entire game.
 C = Kills by friends in this place as a percentage of kills by friends in the entire game.
 D = Other kills in this place as a percentage of other kills in the entire game.
 E = Experience gained in this place as a percentage of experience gained in the entire game.
 F = Experience gained in this place divided by the number of levels of this place that you have seen.
                   A       B       C       D       E      F
               +-------+-------+-------+-------+-------+----------------------
         Total | 100.0 | 100.0 |   N/A |   N/A | 100.0 |  33.5
       Dungeon | 100.0 | 100.0 |   N/A |   N/A | 100.0 |  33.5
               +-------+-------+-------+-------+-------+----------------------

Table legend: (Time is in decaauts)
 A = Elapsed time spent in this place.
 B = Non-inter-level travel time spent in this place.
 C = Inter-level travel time spent in this place.
 D = Time resting spent in this place.
 E = Time spent auto-exploring this place.
 F = Levels seen in this place.
 G = Mean time per level.
                   A        B        C        D        E       F      G
               +--------+--------+--------+--------+--------+-----+--------+
         Total |   1115 |   1094 |     21 |    142 |    712 |   2 |  557.5 |
       Dungeon |   1115 |   1094 |     21 |    142 |    712 |   2 |  557.5 |
               +--------+--------+--------+--------+--------+-----+--------+

Top non-repeatable levels by time:
     D:1: 724 daAuts
     D:2: 390 daAuts
